AoeStats
← mgaitaniella

Pilgrims

510246846Analyzed
4v4 RM · 2d ago on Sep 30, 2026· 24m 5s· 8 players
Game mode
Random Map
Map size
Large (8 player)
Population
200
Speed
Normal
Resources
Standard
Victory
Conquest
Starting age
Dark Age
Ending age
Imperial Age
RankedLock teamsTeams togetherTeam positionsShared explorationLock speedFull tech treeHidden civsTurbo modeCheats
Victory
Defeat
🇨🇳 Japanese · China
1041
+12
🇦🇺 Italians · Australia
983
+14
🇪🇸 Huns · Spain
965
+15
🇨🇳 Goths · China
965
+15
1039
-18
🇺🇸 Huns · United States
952
-14
🇨🇱 Britons · Chile
899
-12
🇺🇸 Cumans · United States
894
-12
Ubric21
13:23 Feudal Age
15:34 Horse Collar
18:27 Castle Age
16:40 Double-Bit Axe
20:30 Bow Saw
20:48 Fletching
22:16 Loom
Flux
8:05 Loom
12:19 Feudal Age
17:03 Castle Age
16:30 Fletching
18:04 Bodkin Arrow
21:24 Medium Warships
21:29 Padded Archer Armor
21:37 Fishing Lines
NthEagle7752776
4:16 Loom
17:45 Feudal Age
19:07 Man-at-Arms
19:59 Arson
21:08 Scale Mail Armor
21:19 Forging
Mr.Jay
10:24 Loom
12:10 Feudal Age
12:52 Double-Bit Axe
17:12 Fishing Lines
18:56 Man-at-Arms
19:49 Forging
19:42 Gold Mining
19:42 Stone Mining
22:49 Castle Age
22:04 Scale Mail Armor
Jared G
5:15 Loom
16:00 Feudal Age
20:14 Castle Age
18:14 Double-Bit Axe
18:38 Horse Collar
20:16 Wheelbarrow
22:37 Fletching
Thorin escudo de Roble
mgaitaniella
12:26 Feudal Age
11:10 Loom
18:13 Castle Age
18:20 Double-Bit Axe
21:56 Gold Mining
21:58 Stone Mining
21:51 Horse Collar
23:45 Gold Shaft Mining
Fenixx
4:42 Loom
12:52 Feudal Age
14:38 Town Watch
15:29 Wheelbarrow
14:41 Horse Collar
14:48 Double-Bit Axe
15:03 Fishing Lines
22:25 Castle Age
21:43 Fletching
21:51 Gold Mining
21:52 Stone Mining
23:17 Bow Saw
23:21 Bodkin Arrow
23:22 Gillnets
24:28 Medium Warships
24:34 Heavy Plow
Connection lost

Rejoining the realm…

Still unreachable

The connection could not be restored.

Session expired

The server has moved on; the page needs a fresh start.